 Dungeon Crawl Stone Soup version 0.17.0-9-g801d43b (webtiles) character file.

100 JudasIscariot the Ducker (level 4, 0/44 HPs)
             Began as a Troll Berserker on Nov 9, 2015.
             Was a Believer of Trog.
             Slain by a gnoll
             ... wielding a +0 club
              (6 damage)
             ... on level 3 of the Dungeon.
             The game lasted 00:05:16 (1560 turns).

JudasIscariot the Ducker (Troll Berserker)          Turns: 1560, Time: 00:05:16

Health: 0/44       AC:  5    Str: 26    XL:     4   Next: 46%
Magic:  3/3        EV: 10    Int:  3    God:    Trog [**....]
Gold:   150        SH:  0    Dex:  9    Spells: 0 memorised, 3 levels left

rFire  . . .     SeeInvis .     a - +0 mace
rCold  . . .     Clarity  .     b - +0 animal skin
rNeg   + . .     SustAt   .     (no shield)
rPois  .         Gourm    +     (helmet restricted)
rElec  .         Spirit   .     (no cloak)
rCorr  .         Warding  .     (gloves unavailable)
rMut   .         Stasis   .     (boots unavailable)
MR     .....                    (no amulet)
Stlth  +.........               (no ring)
                                r - ring of positive energy

@: not resistant to hostile enchantments, very unstealthy
A: unfitting armour, claws 3, fast metabolism 3, gourmand, regeneration 2,
shaggy fur 1, tough skin 2
a: Berserk, Trog's Hand, Burn Spellbooks, Renounce Religion


You were on level 3 of the Dungeon.
You worshipped Trog.
Trog was pleased with you.
You were completely stuffed.

You visited 1 branch of the dungeon, and saw 3 of its levels.

You collected 150 gold pieces.

Inventory:

Hand Weapons
 a - a +0 mace (weapon)
Armour
 b - a +0 animal skin (worn)
Jewellery
 r - a ring of positive energy (left claw)
Scrolls
 e - a scroll of noise {unknown}
 f - 2 scrolls of teleportation {unknown}
 i - a scroll of blinking {unknown}
 m - 2 scrolls of remove curse {unknown}
 n - a scroll of identify {unknown}
 q - 3 scrolls of immolation {unknown}
 s - a scroll of magic mapping {unknown}
Potions
 g - a potion of curing
 k - a potion of invisibility {unknown}
 l - a potion of might {unknown}
 p - a potion of poison {unknown}
Comestibles
 c - 4 bread rations
 d - a slice of pizza
 h - 2 meat rations
 j - a fruit


   Skills:
 * Level 2.9 Fighting
 * Level 3.0 Maces & Flails
 * Level 3.8 Dodging


You had 3 spell levels left.
You didn't know any spells.

Dungeon Overview and Level Annotations

Branches:
Dungeon (3/15)

Altars:
Dithmenos
Trog


Innate Abilities, Weirdness & Mutations

You are too large for most types of armour.
You have claws for hands.
Your metabolism is lightning-fast.
You like to eat raw meat.
You heal very quickly.
You are covered in fur (AC +1).
You have very tough skin (AC +2).


Message History

The gnoll is almost dead.
The gnoll hits you with a whip!
* * * LOW HITPOINT WARNING * * *
You closely miss the gnoll.
The gnoll is almost dead.
The gnoll hits you with a whip.
* * * LOW HITPOINT WARNING * * *
You hit the gnoll.
The gnoll is almost dead.
The gnoll closely misses you. The gnoll barely misses you.
Drink which item? (? for menu, Esc to quit)
It was a potion of curing.
You feel better. The gnoll hits you with a whip!
* * * LOW HITPOINT WARNING * * *
You hit the gnoll.
You kill the gnoll!
Trog accepts your kill.
You sock the gnoll!
The gnoll is heavily wounded.
The gnoll hits you with a club.
You die...

......#..# #.# #..(..#######
......##.###.#.....##.....#......
...... #..##.#.....######.#.#####
###### ##.##.# <.... #...# #..
#..#.# ..?# ##### #.# ##.#.#
..### ########.# #.#.# #...
#......#.#
#...#####.#####......#.#
##########..#..@g............#.#
#..........>##)##.#####......#.#
#.############....##....#......#
#.# ########.#..#.###### #.#
#.....#...#.#.....# #.#####
#.###.###.#.#.###.# #.....#
#.......#.#.#.# #.#
#####.###########.#.#.#.#.###.#
#.............#.........#.##


You could see a gnoll.

Vanquished Creatures
  3 gnolls (D:3)
  3 adders
  A worm (D:2)
  2 giant geckos
  An orc (D:3)
  2 giant cockroaches
  7 goblins
  5 hobgoblins
  6 bats
  A giant newt (D:1)
  2 jackals (D:2)
  4 kobolds
  2 rats (D:3)
39 creatures vanquished.

Notes
Turn   | Place    | Note
--------------------------------------------------------------
     0 | D:1      | JudasIscariot the Troll Berserker began the quest for the Orb.
     0 | D:1      | Reached XP level 1. HP: 22/22 MP: 0/0
   345 | D:1      | Reached XP level 2. HP: 26/29 MP: 1/1
   801 | D:2      | Found a faded altar to an unknown god.
   825 | D:2      | Found a bloodstained altar of Trog.
   856 | D:2      | Reached ** piety under Trog
   856 | D:2      | Reached XP level 3. HP: 32/36 MP: 2/2
   860 | D:2      | Reached skill level 3 in Maces & Flails
   874 | D:2      | Found a shadowy altar of Dithmenos.
  1314 | D:3      | Reached XP level 4. HP: 40/44 MP: 3/3
  1556 | D:3      | HP: 2/44 [gnoll/whip (6)]
  1560 | D:3      | Slain by a gnoll

Action                   |  1- 3 |  4- 6 || total
-------------------------+-------+-------++-------
Melee: Mace              |   123 |    18 ||   141
  Use: Potion            |       |     1 ||     1
 Stab: Distracted        |     1 |       ||     1
  Eat: Chunk             |    18 |     2 ||    20
